 Dungeon Crawl Stone Soup version 0.26.1-11-gd32895ea62 (webtiles) character file.

Game seed: 8906814126390047839

1320 MisterFreud the Grappler (level 8, 0/80 HPs)
             Began as a Troll Monk on June 21, 2021.
             Slain by a leopard gecko skeleton (4 damage)
             ... on level 5 of the Dungeon.
             The game lasted 00:06:05 (4182 turns).

MisterFreud the Grappler (Troll Monk)               Turns: 4182, Time: 00:06:05

Health: 0/80       AC:  7    Str: 20    XL:     8   Next: 33%
Magic:  7/7        EV: 12    Int:  6    God:
Gold:   240        SH:  0    Dex: 14    Spells: 7/7 levels left

rFire    . . .     SeeInvis .     - Unarmed
rCold    . . .     Faith    .   (no shield)
rNeg     . . .     Spirit   .   a - +0 robe
rPois    .         Reflect  .   (helmet restricted)
rElec    .         Harm     .   g - +0 cloak
rCorr    .         Rampage  .   (gloves unavailable)
Will     .....     Rnd*Tele +   (boots unavailable)
Stlth    +.........             (no amulet)
HPRegen  0.63/turn              f - ring of attention (curse)
MPRegen  0.10/turn              h - ring of teleportation (curse)

@: no status effects
A: large, unfitting armour, claws 3, regeneration 1, shaggy fur 1, tough skin 3
a: no special abilities


You were on level 5 of the Dungeon.
You visited 2 branches of the dungeon, and saw 6 of its levels.
You also visited: Sewer.

You collected 240 gold pieces.

Inventory:

Armour
 a - a +0 robe (worn)
 g - a +0 cloak (worn)
Jewellery
 f - a cursed ring of attention (left claw)
 h - a cursed ring of teleportation (right claw)
Wands
 i - a wand of polymorph (5)
Scrolls
 b - 4 scrolls of teleportation
 e - a scroll of fear
 o - a scroll of identify
 p - a scroll of amnesia
Potions
 c - 3 potions of flight
 d - 4 potions of lignification
 j - 4 potions of might
 k - 10 potions of curing {unknown}
 l - 4 potions of heal wounds
 m - 2 potions of berserk rage
 n - a potion of brilliance


   Skills:
 - Level 5.0 Fighting
 + Level 4.6 Dodging
 - Level 1.0 Stealth
 - Level 8.0 Unarmed Combat


You had 7 spell levels left.
You didn't know any spells.
Your spell library was empty.

Dungeon Overview and Level Annotations

Branches:
Dungeon (5/15)             Temple (1/1) D:4           Sewer (visited)

Altars:
Cheibriados
Hepliaklqana


Innate Abilities, Weirdness & Mutations

You are too large for most types of armour.
You have claws for hands.
Your natural rate of healing is unusually fast.
You are covered in fur. (AC +1)
You have extremely tough skin. (AC +3)


Message History

The two-headed ogre hits you with a +0 giant spiked club!
You scratch the two-headed ogre but do no damage.
The two-headed ogre is moderately wounded.
The two-headed ogre closely misses you.
The two-headed ogre hits you with a +0 giant spiked club!
You scratch the two-headed ogre.
The two-headed ogre is moderately wounded.
You claw the two-headed ogre!
The two-headed ogre is severely wounded.
The leopard gecko skeleton bites you but does no damage.
The two-headed ogre hits you with a +0 giant club!
The two-headed ogre hits you with a +0 giant spiked club!!
* * * LOW HITPOINT WARNING * * *
You claw the two-headed ogre!
The two-headed ogre is almost dead.
The leopard gecko skeleton bites you but does no damage.
You claw the two-headed ogre!
You kill the two-headed ogre!
The leopard gecko skeleton bites you.
You die...

#).#..
####.#.##..........#
...##..
#...........##.##.#
##.# >#
.#.#.##.##.##.##.#
.......##.##.##.# #
#.#.##.##.##.##.#
##.#.#. #.##.##.##.###
.......##..........(.#
......Z......##.##.#.#
./....)@...####.##.#.#
##.######..# #.##.#.#
..####..####.##.#.#
...........#.##.#.#
######..####.##.#.#
#..# ##.##.#.### #..#
#.........# #..#
#..####.###
######..###..####.##


You could see a leopard gecko skeleton.

Vanquished Creatures
  A two-headed ogre (D:5)
  Grinder (D:5)
  3 ogres
  2 big kobolds (Sewer)
  A scorpion (D:4)
  2 hounds (D:4)
  An orc priest (D:4)
  A gnoll shaman (D:3)
  2 orc wizards (D:4)
  2 iguanas
  A worker ant (D:5)
  9 gnolls
  12 adders
  8 river rats (Sewer)
  A white imp (D:4)
  An ooze (D:3)
  An adder skeleton (D:5)
  3 dart slugs
  3 leopard geckos
  12 orcs
  6 ball pythons
  5 giant cockroaches
  5 goblins
  9 hobgoblins
  4 jackals (D:4)
  A quokka (D:4)
  8 bats
  8 frilled lizards
  25 kobolds
  A leopard gecko zombie (D:5)
  30 rats
169 creatures vanquished.

Notes
Turn   | Place    | Note
-------+----------+-------------------------------------------
     0 | D:1      | MisterFreud the Troll Monk began the quest for the Orb.
     0 | D:1      | Reached XP level 1. HP: 22/22 MP: 0/0
   138 | D:1      | Reached XP level 2. HP: 29/29 MP: 1/1
   312 | D:1      | Reached skill level 4 in Unarmed Combat
  1099 | D:2      | Reached XP level 3. HP: 36/36 MP: 2/2
  1135 | D:2      | Found a faded altar of an unknown god.
  1991 | D:3      | Reached XP level 4. HP: 42/44 MP: 3/3
  1993 | D:3      | Reached skill level 5 in Unarmed Combat
  2249 | D:3      | Reached XP level 5. HP: 50/50 MP: 4/4
  2313 | D:3      | Found a glowing drain.
  2318 | Sewer    | Entered a sewer
  2422 | Sewer    | Reached skill level 6 in Unarmed Combat
  2575 | Sewer    | Reached skill level 7 in Unarmed Combat
  2575 | Sewer    | Reached XP level 6. HP: 51/59 MP: 5/5
  3370 | D:4      | Reached skill level 8 in Unarmed Combat
  3370 | D:4      | Reached XP level 7. HP: 65/66 MP: 6/6
  3631 | D:4      | Found a staircase to the Ecumenical Temple.
  3652 | Temple   | Entered the Ecumenical Temple
  3754 | D:4      | Reached skill level 5 in Fighting
  3831 | D:4      | Found a hazy altar of Hepliaklqana.
  3909 | D:5      | Entered Level 5 of the Dungeon
  3944 | D:5      | Reached XP level 8. HP: 51/80 MP: 7/7
  4003 | D:5      | Noticed Grinder
  4018 | D:5      | Killed Grinder
  4173 | D:5      | Noticed a two-headed ogre
  4180 | D:5      | HP: 3/80 [two-headed ogre/+0 giant club (32)]
  4182 | D:5      | Killed a two-headed ogre
  4182 | D:5      | Slain by a leopard gecko skeleton

Illustrated notes

Levels and vault maps discovered:
D:1:      dpeg_arrival_line_fractal, layout_basic
D:2:      layout_basic, chequers_ecumenical_altar_island
D:3:      layout_loops_cross, portal_sewer_entry_e
D:4:      layout_gridville, marbit_many_paths, minmay_temple_entry_wispy,
          grunt_decor_one_mirror
D:5:      layout_basic, nemelex_altar_shiori, uniq_grinder
Temple:   regret_index_temple_waves

Skill      XL: |  1  2  3  4  5  6  7  8 |
---------------+-------------------------+-----
Unarmed Combat | 4 5 7 8 |  8.0
Fighting       | 5 |  5.0
Dodging        | 3 4 |  4.6
Stealth        | |  1.0

Action                   |  1- 3 |  4- 6 |  7- 9 || total
-------------------------+-------+-------+-------++-------
Melee: Unarmed           |   123 |   182 |    95 ||   400
       Punch             |       |     4 |     2 ||     6
  Use: Scroll            |       |     8 |     6 ||    14
 Stab: Sleeping          |     1 |       |       ||     1
Armor: Robe              |    50 |    88 |    27 ||   165
Dodge: Dodged            |    87 |   111 |    55 ||   253
